TOP OF THE 1ST |
Athletic Club KC Academy batting - Pitching for Virginia Beach Deuces : LHP Pat Horton
|
Pitching: LHP Pat Horton
|
|
Batting: SHB António Montés
|
0-0: Ball 1-0: Ball 2-0: Fly out, F8 (Flyball, 8RM)
|
Batting: RHB Chris Teague
|
0-0: Reached on error, E1 (Groundball, 15)
|
Batting: RHB Glenn Woods
|
0-0: Ball Chris Teague is caught stealing 2nd base 1-0: Called Strike 1-1: Ball 2-1: Foul Ball, location: 2F 2-2: Strikes out swinging
|
Top of the 1st over - 0 run(s), 0 hit(s), 1 error(s), 0 left on base; Athletic Club KC Academy 0 - Virginia Beach 0 |
BOTTOM OF THE 1ST |
Virginia Beach Deuces batting - Pitching for Athletic Club KC Academy : RHP Jason Hamilton
|
Pitching: RHP Jason Hamilton
|
|
Batting: RHB Javier Santos
|
0-0: Fly out, F8 (Line Drive, 8RXD)
|
Batting: LHB Jay Carlson
|
0-0: Called Strike 0-1: Fly out, F8 (Flyball, 8LM)
|
Batting: RHB Lorenzo Ramírez
|
0-0: Ball 1-0: Ball 2-0: Ball 3-0: Called Strike 3-1: Called Strike 3-2: Fly out, F3 (Popup, 3SF)
|
Bottom of the 1st over - 0 run(s), 0 hit(s), 0 error(s), 0 left on base; Athletic Club KC Academy 0 - Virginia Beach 0 |
TOP OF THE 2ND |
Athletic Club KC Academy batting - Pitching for Virginia Beach Deuces : LHP Pat Horton
|
Batting: RHB John Williams
|
0-0: SINGLE (Flyball, 89S)
|
Batting: LHB José Durán
|
0-0: Ball 1-0: Foul Ball, location: 2F 1-1: Called Strike 1-2: Strikes out looking
|
Batting: RHB Ellis Martin
|
0-0: Ball 1-0: Swinging Strike 1-1: Ball 2-1: Ball 3-1: Base on Balls John Williams to second
|
Batting: RHB Mike Lovell
|
0-0: Called Strike 0-1: Foul Ball, location: 2F 0-2: Fly out, F8 (Flyball, 8RM)
|
Batting: RHB Bob Curry
|
0-0: Swinging Strike 0-1: Ball 1-1: Called Strike 1-2: Strikes out swinging
|
Top of the 2nd over - 0 run(s), 1 hit(s), 0 error(s), 2 left on base; Athletic Club KC Academy 0 - Virginia Beach 0 |
BOTTOM OF THE 2ND |
Virginia Beach Deuces batting - Pitching for Athletic Club KC Academy : RHP Jason Hamilton
|
Batting: LHB Salvadaro Meireles
|
0-0: Fly out, F9 (Flyball, 89XD)
|
Batting: SHB José Quintero
|
0-0: Ball 1-0: Ball 2-0: Ground out 5-3 (Groundball, 56)
|
Batting: RHB Luis Sáenz
|
0-0: Ball 1-0: Called Strike 1-1: Ball 2-1: Foul Ball, location: 2F 2-2: Ball 3-2: SINGLE (Line Drive, 4MD)
|
Batting: SHB Mark Kennedy
|
0-0: Called Strike 0-1: Foul Ball, location: 2F 0-2: Ball 1-2: Foul Ball, location: 2F 1-2: Ground out 3-1 (Groundball, 34)
|
Bottom of the 2nd over - 0 run(s), 1 hit(s), 0 error(s), 1 left on base; Athletic Club KC Academy 0 - Virginia Beach 0 |
TOP OF THE 3RD |
Athletic Club KC Academy batting - Pitching for Virginia Beach Deuces : LHP Pat Horton
|
Batting: RHB Adrian Draper
|
0-0: SINGLE (Groundball, 25) (infield hit)
|
Batting: SHB António Montés
|
0-0: Ball 1-0: Swinging Strike 1-1: Ball 2-1: Called Strike 2-2: Ball 3-2: SINGLE (Groundball, 5D) Adrian Draper to second
|
Batting: RHB Chris Teague
|
0-0: Foul Ball, location: 2F 0-1: Fly out, F4 (Popup, 4D)
|
Batting: RHB Glenn Woods
|
0-0: Fly out, F3 (Popup, 3F)
|
Batting: RHB John Williams
|
0-0: Called Strike 0-1: Ball 1-1: Fielders Choice at 2nd, U4 (Groundball, 4M)
|
Top of the 3rd over - 0 run(s), 2 hit(s), 0 error(s), 2 left on base; Athletic Club KC Academy 0 - Virginia Beach 0 |
BOTTOM OF THE 3RD |
Virginia Beach Deuces batting - Pitching for Athletic Club KC Academy : RHP Jason Hamilton
|
Batting: RHB Gerald Sims
|
0-0: Called Strike 0-1: SINGLE (Line Drive, 89M)
|
Batting: RHB Dana Akers
|
0-0: Called Strike 0-1: Ball 1-1: Called Strike 1-2: Ball 2-2: Foul Ball, location: 2F 2-2: Fielders Choice at 2nd, 6-4 (Groundball, 6M)
|
Batting: RHB Javier Santos
|
0-0: Ball Dana Akers steals 2nd base 1-0: Called Strike 1-1: Fly out, F7 (Flyball, 7M)
|
Batting: LHB Jay Carlson
|
0-0: Ball 1-0: Ball 2-0: Ball 3-0: Swinging Strike 3-1: Base on Balls
|
Batting: RHB Lorenzo Ramírez
|
0-0: Called Strike 0-1: Swinging Strike 0-2: Strikes out swinging
|
Bottom of the 3rd over - 0 run(s), 1 hit(s), 0 error(s), 2 left on base; Athletic Club KC Academy 0 - Virginia Beach 0 |
TOP OF THE 4TH |
Athletic Club KC Academy batting - Pitching for Virginia Beach Deuces : LHP Pat Horton
|
Batting: LHB José Durán
|
0-0: Ball 1-0: Called Strike 1-1: Ball 2-1: Foul Ball, location: 2F 2-2: Ball 3-2: Foul Ball, location: 2F 3-2: Fly out, F7 (Flyball, 7LSF)
|
Batting: RHB Ellis Martin
|
0-0: Called Strike 0-1: Swinging Strike 0-2: Strikes out swinging
|
Batting: RHB Mike Lovell
|
0-0: SINGLE (Line Drive, 7LS)
|
Batting: RHB Bob Curry
|
0-0: Ball 1-0: Fly out, F7 (Flyball, 78S)
|
Top of the 4th over - 0 run(s), 1 hit(s), 0 error(s), 1 left on base; Athletic Club KC Academy 0 - Virginia Beach 0 |
BOTTOM OF THE 4TH |
Virginia Beach Deuces batting - Pitching for Athletic Club KC Academy : RHP Jason Hamilton
|
Batting: LHB Salvadaro Meireles
|
0-0: Ball 1-0: Ball 2-0: Foul Ball, location: 2F 2-1: Foul Ball, location: 2F 2-2: Fly out, F9 (Flyball, 9M)
|
Batting: SHB José Quintero
|
0-0: SINGLE (Line Drive, 3D)
|
Batting: RHB Luis Sáenz
|
0-0: Ball 1-0: Swinging Strike 1-1: Swinging Strike 1-2: Ball 2-2: Strikes out swinging
|
Batting: SHB Mark Kennedy
|
0-0: Called Strike 0-1: Ball 1-1: SINGLE (Line Drive, 8LS) José Quintero to second Runner from 2nd tries for 3rd, SAFE, no throw or cutoff
|
Batting: RHB Gerald Sims
|
0-0: Called Strike 0-1: Foul Ball, location: 2F 0-2: Ball 1-2: Ball 2-2: SINGLE (Groundball, 4MD) José Quintero scores Mark Kennedy to second Runner from 2nd tries for 3rd, SAFE, throw made to third
|
Batting: RHB Dana Akers
|
0-0: Ball 1-0: Ball 2-0: Ball 3-0: Called Strike 3-1: Base on Balls Gerald Sims to second
|
Batting: RHB Javier Santos
|
0-0: Called Strike 0-1: Foul Ball, location: 2F 0-2: Fly out, F8 (Flyball, 8RM)
|
Bottom of the 4th over - 1 run(s), 3 hit(s), 0 error(s), 3 left on base; Athletic Club KC Academy 0 - Virginia Beach 1 |
TOP OF THE 5TH |
Athletic Club KC Academy batting - Pitching for Virginia Beach Deuces : LHP Pat Horton
|
Batting: RHB Adrian Draper
|
0-0: Called Strike 0-1: Ground out 6-3 (Groundball, 6)
|
Batting: SHB António Montés
|
0-0: Ball 1-0: Ball 2-0: Foul Ball, location: 2F 2-1: SINGLE (Groundball, 6MD)
|
Batting: RHB Chris Teague
|
0-0: Ball 1-0: Foul Ball, location: 2F 1-1: Ball 2-1: Foul Ball, location: 2F 2-2: Ball 3-2: Grounds into double play, 6-4-3 (Groundball, 6M)
|
Top of the 5th over - 0 run(s), 1 hit(s), 0 error(s), 0 left on base; Athletic Club KC Academy 0 - Virginia Beach 1 |
BOTTOM OF THE 5TH |
Virginia Beach Deuces batting - Pitching for Athletic Club KC Academy : RHP Jason Hamilton
|
Batting: LHB Jay Carlson
|
0-0: SINGLE (Groundball, 4MD)
|
Batting: RHB Lorenzo Ramírez
|
0-0: Fly out, F9 (Flyball, 9LM)
|
Batting: LHB Salvadaro Meireles
|
0-0: Called Strike Jay Carlson is caught stealing 2nd base 0-1: Reached on error, E5 (Groundball, 56S)
|
Batting: SHB José Quintero
|
0-0: Called Strike 0-1: SINGLE (Groundball, 34D) Salvadaro Meireles to second Runner from 2nd tries for 3rd, SAFE, throw made to third
|
Batting: RHB Luis Sáenz
|
0-0: Ball 1-0: Called Strike 1-1: Ball 2-1: Foul Ball, location: 2F 2-2: Fly out, F7 (Flyball, 78M)
|
Bottom of the 5th over - 0 run(s), 2 hit(s), 1 error(s), 2 left on base; Athletic Club KC Academy 0 - Virginia Beach 1 |
TOP OF THE 6TH |
Athletic Club KC Academy batting - Pitching for Virginia Beach Deuces : LHP Pat Horton
|
Batting: RHB Glenn Woods
|
0-0: Ball 1-0: Foul Ball, location: 2F 1-1: Ball 2-1: Swinging Strike 2-2: Strikes out looking
|
Batting: RHB John Williams
|
0-0: Ground out 6-3 (Groundball, 56)
|
Batting: LHB José Durán
|
0-0: Foul Ball, location: 2F 0-1: Swinging Strike 0-2: Foul Ball, location: 2F 0-2: Ball 1-2: Fly out, F7 (Flyball, 7D)
|
Top of the 6th over - 0 run(s), 0 hit(s), 0 error(s), 0 left on base; Athletic Club KC Academy 0 - Virginia Beach 1 |
BOTTOM OF THE 6TH |
Virginia Beach Deuces batting - Pitching for Athletic Club KC Academy : RHP Jason Hamilton
|
Batting: SHB Mark Kennedy
|
0-0: Foul Ball, location: 2F 0-1: Ground out 4-3 (Groundball, 4)
|
Batting: RHB Gerald Sims
|
0-0: Ball 1-0: Bunted foul 1-1: Swinging Strike 1-2: Strikes out swinging
|
Batting: RHB Dana Akers
|
0-0: Called Strike 0-1: Called Strike 0-2: Ball 1-2: Ball 2-2: Ball 3-2: Ground out U3 (Groundball, 3)
|
Bottom of the 6th over - 0 run(s), 0 hit(s), 0 error(s), 0 left on base; Athletic Club KC Academy 0 - Virginia Beach 1 |
TOP OF THE 7TH |
Athletic Club KC Academy batting - Pitching for Virginia Beach Deuces : LHP Pat Horton
|
Batting: RHB Ellis Martin
|
0-0: Called Strike 0-1: Reached on error, E5 (Groundball, 56)
|
Pinch Hitting: RHB Jim Unknown
|
0-0: Bunted foul 0-1: Sac Bunt - play at first, batter OUT! 1-4 Ellis Martin to second
|
Batting: RHB Bob Curry
|
0-0: Ball 1-0: Ball 2-0: Ball 3-0: Called Strike 3-1: Base on Balls
|
Pinch Hitting: RHB Jim Unknown
|
0-0: Called Strike 0-1: Swinging Strike 0-2: Ball 1-2: Ball 2-2: Strikes out looking
|
Batting: SHB António Montés
|
0-0: Called Strike 0-1: Ball 1-1: Called Strike 1-2: Foul Ball, location: 2F 1-2: SINGLE (Line Drive, 89M) Ellis Martin to third Bob Curry to second
|
Batting: RHB Chris Teague
|
0-0: Ball 1-0: Ball 2-0: Fly out, F8 (Flyball, 8RM)
|
Top of the 7th over - 0 run(s), 1 hit(s), 1 error(s), 3 left on base; Athletic Club KC Academy 0 - Virginia Beach 1 |
BOTTOM OF THE 7TH |
Virginia Beach Deuces batting - Pitching for Athletic Club KC Academy : RHP Jason Hamilton
|
Now at 1B: Jim Unknown
|
|
Now in LF: Jim Unknown
|
|
Batting: RHB Javier Santos
|
0-0: Ground out 6-3 (Groundball, 6)
|
Batting: LHB Jay Carlson
|
0-0: Called Strike 0-1: SINGLE (Groundball, 4M)
|
Batting: RHB Lorenzo Ramírez
|
0-0: Ground out 3-1 (Groundball, 34S) Jay Carlson to second
|
Batting: LHB Salvadaro Meireles
|
0-0: Ball 1-0: Called Strike 1-1: Ball 2-1: Ball 3-1: Ground out 4-3 (Groundball, 13)
|
Bottom of the 7th over - 0 run(s), 1 hit(s), 0 error(s), 1 left on base; Athletic Club KC Academy 0 - Virginia Beach 1 |
TOP OF THE 8TH |
Athletic Club KC Academy batting - Pitching for Virginia Beach Deuces : LHP Pat Horton
|
Batting: RHB Glenn Woods
|
0-0: Called Strike 0-1: Swinging Strike 0-2: Ball 1-2: Foul Ball, location: 2F 1-2: Strikes out swinging
|
Batting: RHB John Williams
|
0-0: Ball 1-0: Foul Ball, location: 2F 1-1: Called Strike 1-2: Ball 2-2: Strikes out looking
|
Batting: LHB José Durán
|
0-0: Called Strike 0-1: Foul Ball, location: 2F 0-2: Ball 1-2: Foul Ball, location: 2F 1-2: SINGLE (Groundball, 56D)
|
Batting: RHB Ellis Martin
|
0-0: Ball 1-0: Fly out, F7 (Flyball, 7M)
|
Top of the 8th over - 0 run(s), 1 hit(s), 0 error(s), 1 left on base; Athletic Club KC Academy 0 - Virginia Beach 1 |
BOTTOM OF THE 8TH |
Virginia Beach Deuces batting - Pitching for Athletic Club KC Academy : RHP Jason Hamilton
|
Batting: SHB José Quintero
|
0-0: Called Strike 0-1: Ball 1-1: Called Strike 1-2: Ball 2-2: Strikes out swinging
|
Batting: RHB Luis Sáenz
|
0-0: Called Strike 0-1: Ball 1-1: Ball 2-1: Called Strike 2-2: Ball 3-2: Base on Balls
|
Pitching: RHP Alfonso Álvarez
|
|
Pinch Hitting: RHB Jim Unknown
|
0-0: Called Strike 0-1: Ball 1-1: Reached on error, E6 (Groundball, 6) Luis Sáenz to second
|
Batting: RHB Gerald Sims
|
0-0: Called Strike 0-1: Ball 1-1: Fly out, F7 (Flyball, 78XD) Runner from 2nd tags up, SAFE at 3rd, no throw
|
Pinch Hitting: RHB Jim Unknown
|
0-0: Called Strike 0-1: Swinging Strike 0-2: Foul Ball, location: 2F 0-2: Ball 1-2: Ground out 2-3 (Groundball, 15S)
|
Bottom of the 8th over - 0 run(s), 0 hit(s), 1 error(s), 2 left on base; Athletic Club KC Academy 0 - Virginia Beach 1 |
TOP OF THE 9TH |
Athletic Club KC Academy batting - Pitching for Virginia Beach Deuces : LHP Pat Horton
|
Now at 2B: Jim Unknown
|
|
Now in LF: Jim Unknown
|
|
Batting: RHB Jim Unknown
|
0-0: Ball 1-0: Ball 2-0: Ball 3-0: Called Strike 3-1: Foul Ball, location: 2F 3-2: Foul Ball, location: 2F 3-2: Strikes out swinging
|
Batting: RHB Bob Curry
|
0-0: Ground out 6-3 (Groundball, 6)
|
Batting: RHB Jim Unknown
|
0-0: SOLO HOME RUN (Flyball, 7D), Distance : 413 ft
|
Pitching: RHP Cam Herman
|
|
Batting: SHB António Montés
|
0-0: Called Strike 0-1: Foul Ball, location: 2F 0-2: Ball 1-2: Foul Ball, location: 2F 1-2: Ball 2-2: Ball 3-2: SINGLE (Line Drive, 3D)
|
Batting: RHB Chris Teague
|
0-0: Called Strike António Montés steals 2nd base 0-1: Called Strike 0-2: SINGLE (Flyball, 8LS) António Montés to third Runner from 3rd tries for Home, SAFE, no throw or cutoff
|
Batting: RHB Glenn Woods
|
0-0: Ball 1-0: Called Strike 1-1: Foul Ball, location: 2F 1-2: Ball Wild Pitch! Chris Teague to second 2-2: Fly out, F4 (Popup, 3)
|
Top of the 9th over - 2 run(s), 3 hit(s), 0 error(s), 1 left on base; Athletic Club KC Academy 2 - Virginia Beach 1 |
BOTTOM OF THE 9TH |
Virginia Beach Deuces batting - Pitching for Athletic Club KC Academy : RHP Alfonso Álvarez
|
Pitching: LHP John McCord
|
|
Now at SS: Marty Jennings
|
|
Batting: RHB Javier Santos
|
0-0: Called Strike 0-1: Foul Ball, location: 2F 0-2: Ball 1-2: Fly out, F7 (Flyball, 7M)
|
Pinch Hitting: RHB Jim Unknown
|
0-0: Called Strike 0-1: Ball 1-1: Swinging Strike 1-2: Ball 2-2: Foul Ball, location: 2F 2-2: Ball 3-2: Ground out 6-3 (Groundball, 6D)
|
Batting: RHB Lorenzo Ramírez
|
0-0: Foul Ball, location: 2F 0-1: Foul Ball, location: 2F 0-2: Ground out 6-3 (Groundball, 6)
|
Bottom of the 9th over - 0 run(s), 0 hit(s), 0 error(s), 0 left on base; Athletic Club KC Academy 2 - Virginia Beach 1 |
|